 Dungeon Crawl Stone Soup version 0.23.2-1-ga50397a (webtiles) character file.

Game seed: 2384228820300991278

129 Fang the Skirmisher (level 5, -1/49 HPs)
             Began as a Gargoyle Berserker on May 14, 2019.
             Was a Believer of Trog.
             Killed by divine providence
             ... invoked by an orc priest
              (9 damage)
             ... on level 3 of the Dungeon.
             The game lasted 00:02:18 (1653 turns).

Fang the Skirmisher (Gargoyle Berserker)            Turns: 1653, Time: 00:02:18

Health: -1/49      AC: 13    Str: 26    XL:     5   Next: 12%
Magic:  5/5        EV:  9    Int:  8    God:    Trog [**....]
Gold:   113        SH:  0    Dex:  9    Spells: 4/4 levels left

rFire    . . .     SeeInvis .   a - +0 hand axe
rCold    . . .     Gourm    .   (no shield)
rNeg     + . .     Faith    .   b - +0 chain mail
rPois    ∞         Spirit   .   (no helmet)
rElec    +         Reflect  .   (no cloak)
rCorr    .         Harm     .   (no gloves)
MR       .....                  (no boots)
Stlth    ..........             (no amulet)
HPRegen  0.16/turn              (no ring)
MPRegen  0.09/turn              (no ring)

@: berserking, very quick
A: negative energy resistance 1, electricity resistance, unbreathing,
petrification resistance, rot immunity, AC +4
a: Berserk, Trog's Hand, Renounce Religion


You were on level 3 of the Dungeon.
You worshipped Trog.
Trog was pleased with you.
You were very hungry.

You visited 1 branch of the dungeon, and saw 3 of its levels.

You collected 113 gold pieces.

Inventory:

Hand Weapons
 a - a +0 hand axe (weapon)
Armour
 b - a +0 chain mail (worn)
Scrolls
 d - a scroll of enchant armour {unknown}
 f - 2 scrolls of remove curse {unknown}
 i - a scroll of magic mapping {unknown}
 o - 2 scrolls of teleportation {unknown}
Potions
 e - a potion of ambrosia {unknown}
 g - 2 potions of curing
 j - 2 potions of cancellation {unknown}
 k - a potion of lignification {unknown}
 l - a potion of invisibility {unknown}
 m - 2 potions of agility {unknown}
 n - a potion of heal wounds {unknown}
 p - a potion of degeneration {unknown}
Comestibles
 c - 4 rations


   Skills:
 + Level 4.2 Fighting
 + Level 3.4 Axes
 + Level 3.3 Armour
 + Level 2.5 Dodging


You had 4 spell levels left.
You didn't know any spells.
Your spell library was empty.

Dungeon Overview and Level Annotations

Branches:
Dungeon (3/15)

Altars:


Innate Abilities, Weirdness & Mutations

You are resistant to torment.
Your stone body is resilient. (AC +4)
You are immune to poison.
You resist negative energy. (rN+)
You are resistant to electric shocks. (rElec)
You can survive without breathing.
You are immune to petrification.
You are immune to rotting.


Message History

You are too injured to fight recklessly!
You are too injured to fight recklessly!
You are too injured to fight recklessly!
You are too injured to fight recklessly!
A red film seems to cover your vision as you go berserk!
You feel yourself moving faster!
You feel mighty!
You are feeling very hungry.
The orc priest hits you but does no damage.
The crimson imp hits you but does no damage.
You slash the orc priest!
The orc priest is almost dead.
You hit the crimson imp.
The orc priest hits you with a cursed -1 hand axe.
* * * LOW HITPOINT WARNING * * *
The crimson imp blinks!
Your chain mail prevents you from hitting the orc priest.
The orc priest is almost dead.
The orc priest mumbles some strange prayers to Beogh against you.
Beogh smites you!
You die...

##### ....# # ....#
#.####....#
#....#....#
#.####.#o...###
#.....)@§......
.###########.##†.5####
..............+...#
.#######.....##...#
#.....# #### #.....#
##########.....#
..)......'.....#
##########.....#


You could see an orc priest and a crimson imp.

Vanquished Creatures
  7 gnolls (D:2)
  2 adders (D:2)
  A worm (D:2)
  A leopard gecko (D:1)
  3 orcs (D:3)
  A giant cockroach (D:1)
  4 goblins
  A hobgoblin (D:3)
  3 jackals (D:2)
  3 quokkas (D:3)
  6 bats
  3 frilled lizards
  3 kobolds
  5 rats
43 creatures vanquished.

Notes
Turn   | Place    | Note
-------+----------+-------------------------------------------
     0 | D:1      | Fang the Gargoyle Berserker began the quest for the Orb.
     0 | D:1      | Reached XP level 1. HP: 14/14 MP: 1/1
   154 | D:1      | Reached XP level 2. HP: 10/19 MP: 2/2
   944 | D:2      | Reached XP level 3. HP: 24/24 MP: 3/3
  1133 | D:2      | Reached ** piety under Trog
  1183 | D:2      | Reached XP level 4. HP: 26/29 MP: 4/4
  1263 | D:2      | Reached skill level 4 in Fighting
  1558 | D:3      | Reached XP level 5. HP: 32/33 MP: 5/5
  1653 | D:3      | Killed from afar by an orc priest

Skill      XL: |  1  2  3  4 |
---------------+-------------+-----
Axes           | 3 |  3.4
Dodging        | 2 |  2.5
Armour         | 3 |  3.3
Fighting       | 4 |  4.2

Action                   |  1- 3 |  4- 6 || total
-------------------------+-------+-------++-------
Melee: Hand axe          |   110 |    61 ||   171
Invok: Berserk           |     1 |     1 ||     2
  Eat: Chunk             |     2 |     1 ||     3
Armor: Animal skin       |     8 |       ||     8
       Chain mail        |    83 |    56 ||   139
       Skin              |     2 |       ||     2
Dodge: Dodged            |    63 |    34 ||    97
